AoeStats
← True Anomaly

African Clearing

506021624Analyzed
2v2 RM · 20d ago on Sep 12, 2026· 58m 16s· 4 players
Game mode
Random Map
Map size
Medium (4 player)
Population
200
Speed
Normal
Resources
Standard
Victory
Conquest
Starting age
Dark Age
Ending age
Imperial Age
RankedLock teamsTeams togetherTeam positionsShared explorationLock speedFull tech treeHidden civsTurbo modeCheats
Victory
Defeat
🇵🇪 Berbers · Peru
1137
+17
🇵🇪 Huns · Peru
1137
+17
🇺🇸 Vietnamese · United States
1152
-17
🇺🇸 Mongols · United States
1152
-17
gallito
12:40 Feudal Age
10:56 Loom
13:40 Double-Bit Axe
18:48 Castle Age
18:53 Gold Mining
20:10 Bow Saw
21:06 Forging
21:04 Scale Barding Armor
23:07 Stone Mining
24:42 Gold Shaft Mining
24:52 Fletching
25:03 Padded Archer Armor
30:27 Bodkin Arrow
32:35 Wheelbarrow
37:01 Imperial Age
35:16 Padded Archer Armor
35:55 Hand Cart
35:33 Town Watch
36:22 Horse Collar
37:23 Marauders
38:01 Heavy Plow
38:33 Town Patrol
39:57 Iron Casting
39:42 Chain Barding Armor
39:47 Conscription
39:50 Bloodlines
39:41 Husbandry
39:16 Elite Tarkan
40:33 Marauders
41:59 Blast Furnace
44:13 Plate Barding Armor
50:52 Bracer
51:07 Leather Archer Armor
52:54 Thumb Ring
53:15 Parthian Tactics
52:11 Heavy Cavalry Archer
57:21 Chemistry
56:41 Ballistics
Tayron
6:20 Loom
13:41 Feudal Age
14:28 Double-Bit Axe
18:07 Castle Age
17:13 Gold Mining
19:05 Scale Barding Armor
19:11 Forging
20:17 Husbandry
26:22 Wheelbarrow
27:01 Bow Saw
26:43 Horse Collar
29:56 Heavy Plow
32:41 Hand Cart
36:29 Imperial Age
33:54 Town Watch
34:52 Kasbah
35:40 Gold Shaft Mining
36:00 Bloodlines
36:03 Padded Archer Armor
37:53 Conscription
38:13 Crop Rotation
38:12 Fletching
38:43 Chain Barding Armor
38:54 Cavalier
41:38 Bodkin Arrow
41:58 Leather Archer Armor
42:19 Iron Casting
41:16 Elite Skirmisher
43:04 Chemistry
43:00 Ballistics
44:33 Light Cavalry
45:30 Bracer
46:00 Ring Archer Armor
47:45 Hussar
51:38 Plate Barding Armor
52:04 Blast Furnace
52:55 Maghrebi Camels
52:40 Heavy Camel Rider
True Anomaly
5:29 Loom
13:04 Feudal Age
16:53 Castle Age
16:28 Double-Bit Axe
18:38 Bow Saw
18:26 Horse Collar
22:06 Wheelbarrow
26:29 Hand Cart
28:56 Heavy Plow
35:25 Imperial Age
33:45 Ballistics
33:31 Fletching
33:42 Padded Archer Armor
35:25 Thumb Ring
35:44 Stone Mining
35:45 Gold Mining
36:26 Bodkin Arrow
36:46 Leather Archer Armor
39:22 Chemistry
40:41 Stone Shaft Mining
40:16 Elite Rattan Archer
42:05 Bracer
42:36 Ring Archer Armor
43:19 Scale Mail Armor
43:30 Forging
44:01 Elite Fire Lancer
44:44 Squires
45:05 Chain Mail Armor
45:08 Murder Holes
49:33 Plate Mail Armor
49:38 Iron Casting
53:46 Paper Money
Hackjack37
4:41 Loom
13:22 Feudal Age
17:23 Castle Age
21:35 Fletching
27:11 Double-Bit Axe
29:17 Wheelbarrow
28:27 Town Watch
29:10 Padded Archer Armor
31:21 Bodkin Arrow
32:46 Nomads
34:32 Hand Cart
35:07 Ballistics
38:12 Scale Barding Armor
38:23 Leather Archer Armor
38:19 Forging
44:08 Imperial Age
41:45 Husbandry
43:47 Murder Holes
45:56 Bloodlines
45:07 Light Cavalry
46:57 Conscription
50:02 Chain Barding Armor
52:22 Iron Casting
53:12 Hand Cart
55:20 Heavy Camel Rider
Connection lost

Rejoining the realm…

Still unreachable

The connection could not be restored.

Session expired

The server has moved on; the page needs a fresh start.